[ PARTIDA AOE2 · #505988961 ]
UnrankedGodos vs Khmer
Equipo del jugador · DERR
Equipo rival · VICT
[ ANÁLISIS DE REPETICIÓN · EXTRAÍDO DE LA PARTIDA GRABADA ]
Feudal
15:07
Castillos
30:02
Imperial
—
| APM promedio | 21.0 |
| APM pico | 44 |
| eAPM promedio | 14.6 |
| Aldeanos / militares | 44 / 5 |
Foco
⚔️ 21.2% · 🌾 78.8%
Militia ×5
Feudal
19:23
Castillos
27:26
Imperial
—
| APM promedio | 31.4 |
| APM pico | 94 |
| eAPM promedio | 20.0 |
| Aldeanos / militares | 42 / 0 |
Foco
⚔️ 14.6% · 🌾 85.4%
Mapa de la partida
Recursos iniciales + cada clic de construcción. Líneas = muros · curvas = relieve. ◆ oro · ⬟ piedra · ● bayas · ✦ reliquia · ◌ hueco del cierre
Tu base· ✓ Cerrada en 30:02 · 93t muro · sin puerta
Base de [Telo] ~ Shelo the murder· ✓ Cerrada en 27:26 · 50t muro · sin puerta
Terreno inicial suavizado · ◌ = hueco del cierre detectado · pasá el cursor para detalles
Inputs por minuto
— SURFISTA PENSADOR - - [Telo] ~ Shelo the murder
Build order — SURFISTA PENSADOR
127 acciones detectadas en el replay
| 0:01 | Investigar | Loom |
| 0:01 | Encolar | Villager (Male) |
| 0:02 | Encolar | Villager (Male) |
| 0:02 | Encolar | Villager (Male) |
| 0:02 | Encolar | Villager (Male) |
| 0:36 | Construir | House |
| 1:39 | Construir | House |
| 1:51 | Construir | House |
| 1:53 | Construir | Palisade Wall |
| 2:47 | Encolar | Villager (Male) |
| 3:16 | Construir | Palisade Wall |
| 3:38 | Construir | House |
| 3:40 | Encolar | Villager (Male) |
| 3:40 | Encolar | Villager (Male) |
| 3:40 | Encolar | Villager (Male) |
| 3:56 | Construir | Palisade Wall |
| 4:01 | Construir | Palisade Wall |
| 4:04 | Construir | Palisade Wall |
| 4:07 | Encolar | Villager (Male) |
| 4:17 | Construir | Palisade Wall |
| 4:21 | Construir | Palisade Wall |
| 4:38 | Construir | Palisade Wall |
| 4:44 | Construir | Palisade Wall |
| 4:52 | Construir | Palisade Wall |
| 5:02 | Construir | Palisade Wall |
| 5:10 | Encolar | Villager (Male) |
| 5:21 | Construir | Palisade Wall |
| 5:28 | Construir | Palisade Wall |
| 5:29 | Construir | Palisade Wall |
| 5:42 | Encolar | Villager (Male) |
| 5:43 | Encolar | Villager (Male) |
| 5:50 | Construir | Palisade Wall |
| 6:24 | Construir | Lumber Camp |
| 7:16 | Construir | Palisade Wall |
| 7:22 | Encolar | Villager (Male) |
| 7:22 | Encolar | Villager (Male) |
| 7:23 | Encolar | Villager (Male) |
| 7:23 | Encolar | Villager (Male) |
| 7:23 | Encolar | Villager (Male) |
| 7:49 | Construir | House |
| 8:22 | Construir | Palisade Wall |
| 9:00 | Construir | Palisade Wall |
| 9:20 | Encolar | Villager (Male) |
| 9:21 | Encolar | Villager (Male) |
| 9:21 | Encolar | Villager (Male) |
| 9:29 | Construir | House |
| 9:40 | Construir | House |
| 9:49 | Encolar | Villager (Male) |
| 9:50 | Encolar | Villager (Male) |
| 9:50 | Encolar | Villager (Male) |
| 10:07 | Construir | Palisade Wall |
| 10:39 | Construir | Palisade Wall |
| 10:57 | Construir | Palisade Wall |
| 10:59 | Encolar | Villager (Male) |
| 11:04 | Construir | Mill |
| 11:22 | Construir | House |
| 11:56 | Construir | House |
| 11:58 | Construir | Palisade Wall |
| 12:11 | Construir | House |
| 12:23 | Construir | Palisade Wall |
| 12:28 | Construir | Palisade Wall |
| 12:46 | Construir | Palisade Wall |
| 12:57 | Investigar | Feudal Age |
| 13:24 | Construir | Palisade Wall |
| 13:34 | Construir | House |
| 13:55 | Construir | Palisade Wall |
| 14:34 | Construir | Barracks |
| 14:38 | Construir | Palisade Wall |
| 15:07 | Edad | Edad Feudal |
| 15:13 | Construir | Watch Tower |
| 15:30 | Encolar | Villager (Male) |
| 15:30 | Encolar | Villager (Male) |
| 15:31 | Encolar | Villager (Male) |
| 15:31 | Encolar | Villager (Male) |
| 15:43 | Investigar | Double-Bit Axe |
| 15:57 | Encolar | Villager (Male) |
| 16:33 | Encolar | Militia |
| 16:33 | Encolar | Militia |
| 16:34 | Encolar | Militia |
| 16:49 | Encolar | Villager (Male) |
| 17:38 | Encolar | Villager (Male) |
| 18:09 | Construir | Watch Tower |
| 18:13 | Construir | House |
| 18:16 | Encolar | Villager (Male) |
| 18:20 | Investigar | Wheelbarrow |
| 18:40 | Encolar | Villager (Male) |
| 18:40 | Encolar | Villager (Male) |
| 18:49 | Construir | Market |
| 19:14 | Construir | Mining Camp |
| 19:33 | Investigar | Man-at-Arms (upgrade) |
| 20:09 | Construir | Watch Tower |
| 20:28 | Construir | Farm |
| 20:30 | Construir | Farm |
| 20:33 | Construir | Farm |
| 20:52 | Encolar | Militia |
| 20:52 | Encolar | Militia |
| 22:07 | Construir | Watch Tower |
| 22:10 | Encolar | Villager (Male) |
| 22:12 | Construir | Blacksmith |
| 22:14 | Encolar | Villager (Male) |
| 22:18 | Construir | House |
| 23:14 | Construir | Watch Tower |
| 23:24 | Construir | Watch Tower |
| 23:36 | Investigar | Fletching |
| 23:45 | Encolar | Villager (Male) |
| 23:48 | Construir | Farm |
| 23:56 | Construir | Farm |
| 23:58 | Construir | Farm |
| 23:59 | Construir | Farm |
| 24:03 | Encolar | Villager (Male) |
| 24:40 | Encolar | Villager (Male) |
| 25:06 | Encolar | Villager (Male) |
| 25:18 | Construir | House |
| 25:40 | Construir | Farm |
| 25:42 | Encolar | Villager (Male) |
| 25:42 | Encolar | Villager (Male) |
| 27:22 | Investigar | Castle Age |
| 27:56 | Construir | Mining Camp |
| 29:22 | Construir | House |
| 29:24 | Construir | House |
| 30:02 | Edad | Edad de los Castillos |
| 30:14 | Construir | Castle |
| 30:20 | Construir | House |
| 30:28 | Construir | House |
| 30:30 | Encolar | Villager (Male) |
| 30:30 | Encolar | Villager (Male) |
| 30:34 | Investigar | Bodkin Arrow |
Build order — [Telo] ~ Shelo the murder
82 acciones detectadas en el replay
| 0:04 | Encolar | Villager (Male) |
| 0:04 | Encolar | Villager (Male) |
| 0:04 | Encolar | Villager (Male) |
| 0:05 | Encolar | Villager (Male) |
| 0:05 | Construir | House |
| 0:40 | Construir | Palisade Wall |
| 1:10 | Investigar | Loom |
| 1:15 | Encolar | Villager (Male) |
| 1:22 | Encolar | Villager (Male) |
| 5:08 | Encolar | Villager (Male) |
| 6:22 | Encolar | Villager (Male) |
| 6:22 | Encolar | Villager (Male) |
| 6:50 | Construir | House |
| 6:58 | Construir | Palisade Wall |
| 7:14 | Encolar | Villager (Male) |
| 7:14 | Encolar | Villager (Male) |
| 7:50 | Construir | House |
| 7:55 | Construir | Palisade Wall |
| 8:24 | Encolar | Villager (Male) |
| 8:24 | Encolar | Villager (Male) |
| 9:08 | Encolar | Villager (Male) |
| 9:30 | Encolar | Villager (Male) |
| 10:23 | Encolar | Villager (Male) |
| 10:45 | Encolar | Villager (Male) |
| 11:19 | Encolar | Villager (Male) |
| 11:20 | Encolar | Villager (Male) |
| 11:42 | Encolar | Villager (Male) |
| 12:25 | Construir | Lumber Camp |
| 12:32 | Construir | Lumber Camp |
| 12:49 | Encolar | Villager (Male) |
| 12:50 | Encolar | Villager (Male) |
| 13:07 | Encolar | Villager (Male) |
| 13:07 | Encolar | Villager (Male) |
| 13:08 | Encolar | Villager (Male) |
| 13:32 | Construir | House |
| 13:36 | Construir | House |
| 13:51 | Encolar | Villager (Male) |
| 13:52 | Encolar | Villager (Male) |
| 14:28 | Encolar | Villager (Male) |
| 14:50 | Construir | Mill |
| 15:59 | Construir | Mining Camp |
| 16:36 | Construir | Palisade Wall |
| 16:53 | Construir | Palisade Wall |
| 17:13 | Investigar | Feudal Age |
| 17:24 | Construir | Farm |
| 18:14 | Encolar | Villager (Male) |
| 18:39 | Construir | House |
| 18:40 | Construir | House |
| 18:43 | Construir | House |
| 18:54 | Construir | Palisade Wall |
| 18:59 | Encolar | Villager (Male) |
| 18:59 | Encolar | Villager (Male) |
| 19:00 | Encolar | Villager (Male) |
| 19:07 | Encolar | Villager (Male) |
| 19:23 | Edad | Edad Feudal |
| 19:31 | Construir | Stone Wall |
| 20:19 | Encolar | Villager (Male) |
| 20:45 | Encolar | Villager (Male) |
| 20:51 | Construir | House |
| 20:52 | Construir | House |
| 20:56 | Construir | House |
| 21:25 | Construir | Mill |
| 21:48 | Construir | Watch Tower |
| 22:16 | Construir | Blacksmith |
| 23:03 | Construir | Watch Tower |
| 24:46 | Investigar | Castle Age |
| 24:46 | Investigar | Castle Age |
| 25:19 | Investigar | Fletching |
| 25:24 | Investigar | Horse Collar |
| 25:34 | Encolar | Villager (Male) |
| 25:36 | Encolar | Villager (Male) |
| 25:49 | Construir | House |
| 25:50 | Construir | House |
| 26:19 | Construir | House |
| 27:00 | Encolar | Villager (Male) |
| 27:26 | Edad | Edad de los Castillos |
| 28:16 | Construir | Castle |
| 28:57 | Encolar | Villager (Male) |
| 28:57 | Encolar | Villager (Male) |
| 29:45 | Encolar | Villager (Male) |
| 29:45 | Encolar | Villager (Male) |
| 30:14 | Construir | Stone Wall |
Cronología de la partida
| 0:40 | [Telo] ~ Shelo the murder · wall_segment Palisade Wall x8 |
| 1:53 | SURFISTA PENSADOR · wall_segment Palisade Wall x7 |
| 3:16 | SURFISTA PENSADOR · wall_segment Palisade Wall x1 |
| 3:56 | SURFISTA PENSADOR · wall_segment Palisade Wall x1 |
| 4:01 | SURFISTA PENSADOR · wall_segment Palisade Wall x1 |
| 4:04 | SURFISTA PENSADOR · wall_segment Palisade Wall x1 |
| 4:17 | SURFISTA PENSADOR · wall_segment Palisade Wall x4 |
| 4:21 | SURFISTA PENSADOR · wall_segment Palisade Wall x4 |
| 4:38 | SURFISTA PENSADOR · wall_segment Palisade Wall x9 |
| 4:44 | SURFISTA PENSADOR · wall_segment Palisade Wall x4 |
| 4:52 | SURFISTA PENSADOR · wall_segment Palisade Wall x1 |
| 5:02 | SURFISTA PENSADOR · wall_segment Palisade Wall x1 |
| 5:21 | SURFISTA PENSADOR · wall_segment Palisade Wall x1 |
| 5:28 | SURFISTA PENSADOR · wall_segment Palisade Wall x3 |
| 5:29 | SURFISTA PENSADOR · wall_segment Palisade Wall x3 |
| 5:50 | SURFISTA PENSADOR · wall_segment Palisade Wall x8 |
| 6:58 | [Telo] ~ Shelo the murder · wall_segment Palisade Wall x3 |
| 7:16 | SURFISTA PENSADOR · wall_segment Palisade Wall x6 |
| 7:55 | [Telo] ~ Shelo the murder · wall_segment Palisade Wall x1 |
| 8:22 | SURFISTA PENSADOR · wall_segment Palisade Wall x6 |
| 9:00 | SURFISTA PENSADOR · wall_segment Palisade Wall x7 |
| 10:07 | SURFISTA PENSADOR · wall_segment Palisade Wall x5 |
| 10:39 | SURFISTA PENSADOR · wall_segment Palisade Wall x1 |
| 10:57 | SURFISTA PENSADOR · wall_segment Palisade Wall x4 |
| 11:58 | SURFISTA PENSADOR · wall_segment Palisade Wall x1 |
| 12:23 | SURFISTA PENSADOR · wall_segment Palisade Wall x3 |
| 12:28 | SURFISTA PENSADOR · wall_segment Palisade Wall x3 |
| 12:46 | SURFISTA PENSADOR · wall_segment Palisade Wall x7 |
| 13:24 | SURFISTA PENSADOR · wall_segment Palisade Wall x7 |
| 13:55 | SURFISTA PENSADOR · wall_segment Palisade Wall x8 |
| 14:34 | SURFISTA PENSADOR · first_building Barracks |
| 14:38 | SURFISTA PENSADOR · wall_segment Palisade Wall x9 |
| 15:07 | SURFISTA PENSADOR · age_up feudal |
| 16:36 | [Telo] ~ Shelo the murder · wall_segment Palisade Wall x2 |
| 16:53 | [Telo] ~ Shelo the murder · wall_segment Palisade Wall x12 |
| 18:54 | [Telo] ~ Shelo the murder · wall_segment Palisade Wall x9 |
| 19:23 | [Telo] ~ Shelo the murder · age_up feudal |
| 19:29 | SURFISTA PENSADOR · first_market_sell 100 wood |
| 19:31 | [Telo] ~ Shelo the murder · wall_segment Stone Wall x15 |
| 20:50 | SURFISTA PENSADOR · first_market_buy 100 food |
| 27:26 | [Telo] ~ Shelo the murder · age_up castle |
| 28:16 | [Telo] ~ Shelo the murder · first_building Castle |
| 30:02 | SURFISTA PENSADOR · age_up castle |
| 30:14 | [Telo] ~ Shelo the murder · wall_segment Stone Wall x10 |
| 30:14 | SURFISTA PENSADOR · first_building Castle |
| 30:52 | SURFISTA PENSADOR · resign |
[ ANÁLISIS IA · 1 CRÉDITO ]
¿Qué pasó realmente en esta partida?
Wolo.gg analiza cada decisión: build order, eco, micro, errores típicos por bracket. Análisis personalizado por WhatsApp o Discord en 30 segundos.
Guía civ
Godos
Perfil
Jugador #2856811